 Dungeon Crawl Stone Soup version 0.29.0-4-gdea44cf6ec (webtiles) character file.

Game seed: 16969974773571290422

300 qw the Chopper (level 6, 0/51 HPs)
             Began as a Ghoul Enchanter on Sept 8, 2022.
             Slain by a killer bee (4 damage)
             ... on level 4 of the Dungeon.
             The game lasted 00:01:35 (4445 turns).

qw the Chopper (Ghoul Enchanter)                    Turns: 4445, Time: 00:01:35

Health: 0/51       AC:  8    Str: 14    XL:     6   Next: 36%
Magic:  7/7        EV:  6    Int: 10    God:
Gold:   171        SH:  4    Dex: 15    Spells: 8/8 levels left

rFire   . . .      SeeInvis .   Y - +0 war axe
rCold   + . .      Faith    .   c - +0 buckler
rNeg    + + +      Spirit   .   k - +0 chain mail
rPois   inf        Reflect  .   (no helmet)
rElec   .          Harm     .   (no cloak)
rCorr   .          Rampage  .   (no gloves)
Will    .....                   (no boots)
Stlth   ..........              (no amulet)
HPRegen 0.00/turn               i - +6 ring of dexterity
MPRegen 0.10/turn               (no ring)

@: inhibited regen
A: claws 1, cold resistance 1, negative energy resistance 3, inhibited
regeneration, torment resistance 2, devour on kill
a: no special abilities


You were on level 4 of the Dungeon.
You visited 1 branch of the dungeon, and saw 4 of its levels.

You collected 258 gold pieces.
You spent 87 gold pieces at shops.


Innate Abilities, Weirdness & Mutations

You are immune to poison.
You have sharp fingernails.
Your flesh is cold resistant. (rC+)
You are immune to negative energy. (rN+++)
You do not regenerate when monsters are visible.
You are immune to unholy pain and torment.
You thrive by killing the living.


   Skills:
 - Level 3.1 Fighting
 - Level 0.8 Short Blades
 + Level 4.1 Axes
 - Level 1.3 Armour
 - Level 1.7 Dodging
 - Level 3.2 Stealth
 - Level 1.3 Shields
 - Level 1.7 Spellcasting
 - Level 2.4 Hexes


You had 8 spell levels left.
You didn't know any spells.
Your spell library contained the following spells:

 Spells                   Type           Power      Damage    Failure   Level
 Ensorcelled Hibernation  Hex/Ice        6%         N/A       100%        2
 Confusing Touch          Hex            5%         N/A       100%        3
 Dazzling Flash           Conj/Hex       6%         N/A       100%        3
 Tukima's Dance           Hex            5%         N/A       100%        3

Inventory:

Hand Weapons
 d - a +0 morningstar
 Y - a +0 war axe (weapon)
Missiles
 f - a silver boomerang (quivered)
Armour
 c - a +0 buckler (worn)
 k - a +0 chain mail (worn)
Jewellery
 b - a +4 ring of evasion
 i - a +6 ring of dexterity (left claw)
Scrolls
 g - 2 scrolls of identify
Potions
 a - 4 potions of curing
 e - a potion of mutation
 h - 2 potions of haste
 j - a potion of cancellation

Dungeon Overview and Level Annotations

Branches:
Dungeon (4/15)
 Temple: D:4-7

Altars:
Makhleb

Shops:
D:2 (


Message History

You struggle against the net.
The gnoll barely misses you. The gnoll hits you but does no damage.
You shred the net and break free!
The gnoll hits you from afar with a +0 spear.
The gnoll closely misses you.
A killer bee comes into view.
The killer bee buzzes angrily.
You slash the gnoll!
You kill the gnoll!
You hear an angry buzzing noise.
The gnoll hits you but does no damage.
A killer bee comes into view.
The gnoll hits you but does no damage.
The killer bee buzzes angrily.
A killer bee comes into view.
The gnoll hits you but does no damage.
You hit the killer bee.
The killer bee is moderately wounded.
You hit the gnoll. The killer bee closely misses you.
The killer bee barely misses you. The gnoll hits you with a +0 spear!
You miss the killer bee.
The killer bee is moderately wounded.
You hit the gnoll. The gnoll hits you but does no damage.
You slash the gnoll!
You kill the gnoll!
You miss the killer bee. You closely miss the killer bee.
The killer bee barely misses you. The killer bee stings you.
The killer bee stings you but does no damage.
The killer bee stings you! The killer bee stings you.
The killer bee stings you but does no damage. x3
You closely miss the killer bee.
The killer bee is moderately wounded.
You barely miss the killer bee. You closely miss the killer bee.
The killer bee stings you but does no damage.
The killer bee stings you.
The killer bee stings you but does no damage. x2
The killer bee stings you.
You die...

#......# .....# #......#
.....# #......#####....#
# #..........#....# .#
#####......#....##'#
....#.....)#....#..#
....'.....))....'..' .
....#..##..#....####....
....#..##..#....@y......
....#......+...)yy......
....#......#........###'
....#......#........#
....#......#...$#'###
....#..##..#....#...
....#.. #+##....#..##
....# #....#..# ....#


You could see 3 killer bees.

Vanquished Creatures
  An orc priest (D:4)
  Natasha (thrice) (D:3)
  An iguana (D:4)
  3 gnolls (D:4)
  5 adders
  2 dart slugs
  2 worms
  11 orcs
  7 bats
  5 endoplasms
  3 giant cockroaches
  5 goblins
  7 hobgoblins
  4 jackals
  7 kobolds
  2 quokkas
  5 ball pythons
  4 frilled lizards
  4 rats
81 creatures vanquished.

Notes
Turn   | Place    | Note
-------+----------+-------------------------------------------
     0 | D:1      | qw the Ghoul Enchanter began the quest for the Orb.
     0 | D:1      | Reached XP level 1. HP: 14/14 MP: 2/2
     0 | D:1      | 0 ||| qw: Version: 0.1-a-112-g44dc6cd
     0 | D:1      | 0 ||| qw: Game counter: 6832
     0 | D:1      | 0 ||| qw: Always use a shield: true
     0 | D:1      | 0 ||| qw: God list: Okawaru
     0 | D:1      | 0 ||| qw: Allow faded altars: false
     0 | D:1      | 0 ||| qw: Do Orc after D:15 true
     0 | D:1      | 0 ||| qw: Do second Lair branch before Depths: true
     0 | D:1      | 0 ||| qw: Lair rune preference: random
     0 | D:1      | 0 ||| qw: Plans: Normal
     0 | D:1      | 0 ||| PLANNING D:1-11
   140 | D:1      | 140 ||| SWAPPING to +0 whip.
   141 | D:1      | 141 ||| DROPPING +1 dagger.
   311 | D:1      | 311 ||| SWAPPING to +0 hand axe.
   458 | D:1      | Reached skill level 1 in Axes
  1007 | D:1      | Reached skill level 1 in Fighting
  1007 | D:1      | Reached XP level 2. HP: 23/23 MP: 3/3
  1018 | D:1      | Found a faded altar of an unknown god.
  1270 | D:1      | 1270 ||| UPGRADING to +0 chain mail.
  1280 | D:1      | 1280 ||| DROPPING +0 robe.
  1281 | D:1      | 1281 ||| DROPPING +1 ring mail of poison resistance.
  1282 | D:1      | 1282 ||| READING 2 scrolls labelled SYNU TAMMA.
  1283 | D:1      | 1283 ||| DRINKING 3 white potions.
  1284 | D:1      | 1284 ||| DROPPING 2 potions of invisibility.
  1370 | D:2      | Found Haxoih's Antique Weapon Shop.
  1378 | D:2      | 1378 ||| SHOPLISTING fine morningstar (225 gold, have 96).
  1378 | D:2      | 1378 ||| SHOPLISTING steaming whip (187 gold, have 96).
  1378 | D:2      | 1378 ||| BUYING war axe (87 gold).
  1378 | D:2      | Bought a war axe for 87 gold pieces
  1378 | D:2      | 1378 ||| SWAPPING to +0 war axe.
  1379 | D:2      | 1379 ||| DROPPING +0 hand axe.
  1502 | D:2      | Found a burning altar of Makhleb.
  1538 | D:2      | Reached skill level 2 in Axes
  1538 | D:2      | Reached XP level 3. HP: 27/28 MP: 4/4
  1579 | D:2      | 1579 ||| Stepping ~*~*~tactically~*~*~ (hiding).
  1580 | D:2      | 1580 ||| Stepping ~*~*~tactically~*~*~ (hiding).
  1581 | D:2      | 1581 ||| Stepping ~*~*~tactically~*~*~ (hiding).
  1658 | D:2      | 1658 ||| Stepping ~*~*~tactically~*~*~ (stealth).
  1663 | D:2      | 1663 ||| Stepping ~*~*~tactically~*~*~ (hiding).
  1789 | D:2      | 1789 ||| Stepping ~*~*~tactically~*~*~ (stealth).
  1866 | D:2      | 1866 ||| Stepping ~*~*~tactically~*~*~ (stealth).
  1868 | D:2      | 1868 ||| Stepping ~*~*~tactically~*~*~ (hiding).
  2352 | D:2      | 2352 ||| UPGRADING to +0 buckler.
  2357 | D:2      | 2357 ||| UPGRADING to +6 ring of dexterity.
  2358 | D:2      | 2358 ||| READING scroll labelled HIMECHEZINN.
  2359 | D:2      | 2359 ||| READING 4 scrolls of identify.
  2359 | D:2      | 2359 ||| IDENTIFYING purple potion
  2360 | D:2      | 2360 ||| READING 3 scrolls of identify.
  2360 | D:2      | 2360 ||| IDENTIFYING fuming coppery potion
  2361 | D:2      | 2361 ||| DROPPING potion of flight.
  2397 | D:3      | 2397 ||| STAIRDANCE
  2402 | D:2      | Reached XP level 4. HP: 34/36 MP: 5/5
  2460 | D:3      | 2460 ||| Stepping ~*~*~tactically~*~*~ (hiding).
  2495 | D:3      | 2495 ||| Stepping ~*~*~tactically~*~*~ (stealth).
  2496 | D:3      | 2496 ||| Stepping ~*~*~tactically~*~*~ (stealth).
  2553 | D:3      | Noticed Natasha
  2560 | D:3      | Killed Natasha
  2561 | D:3      | Reached skill level 3 in Axes
  2713 | D:3      | Noticed Natasha
  2727 | D:3      | HP: 6/36 [Natasha (4)]
  2732 | D:3      | Killed Natasha
  2733 | D:3      | Reached skill level 1 in Shields
  2733 | D:3      | Reached XP level 5. HP: 8/41 MP: 6/6
  2778 | D:3      | 2778 ||| Stepping ~*~*~tactically~*~*~ (stealth).
  3078 | D:3      | Noticed Natasha
  3081 | D:3      | Killed Natasha
  3082 | D:3      | Reached skill level 1 in Armour
  3203 | D:3      | 3203 ||| Stepping ~*~*~tactically~*~*~ (stealth).
  3322 | D:3      | 3322 ||| DROPPING +0 whip.
  3334 | D:3      | 3334 ||| Stepping ~*~*~tactically~*~*~ (stealth).
  3338 | D:3      | 3338 ||| Stepping ~*~*~tactically~*~*~ (stealth).
  3635 | D:3      | 3635 ||| READING 2 scrolls labelled LACAUZX UNNIT.
  3639 | D:3      | 3639 ||| READING 2 scrolls of identify.
  3639 | D:3      | 3639 ||| IDENTIFYING viscous clear potion
  3678 | D:4      | 3678 ||| PLANNING OSSUARY
  3892 | D:4      | 3892 ||| FLEEEEING.
  3893 | D:4      | 3893 ||| FLEEEEING.
  3894 | D:4      | 3894 ||| FLEEEEING.
  3895 | D:4      | 3895 ||| FLEEEEING.
  3896 | D:4      | 3896 ||| FLEEEEING.
  3900 | D:4      | 3900 ||| FLEEEEING.
  4022 | D:4      | Reached XP level 6. HP: 46/48 MP: 7/7
  4023 | D:4      | Reached skill level 4 in Axes
  4126 | D:4      | 4126 ||| Stepping ~*~*~tactically~*~*~ (hiding).
  4139 | D:4      | 4139 ||| Stepping ~*~*~tactically~*~*~ (hiding).
  4148 | D:4      | HP: 12/50 [orc priest/divine providence (9)]
  4149 | D:4      | 4149 ||| READING scroll of teleportation.
  4153 | D:4      | Reached skill level 3 in Fighting
  4301 | D:4      | 4301 ||| RIP OSSUARY
  4372 | D:4      | 4372 ||| PLANNING D:1-11
  4444 | D:4      | HP: 11/51 [killer bee (7)]
  4445 | D:4      | HP: 4/51 [killer bee (5)]
  4445 | D:4      | Slain by a killer bee

Levels and vault maps discovered:
D:1:      roderic_lyre, layout_basic, ebering_ecumenical_altar_abandoned,
          minmay_pentomino_q4
D:2:      layout_basic, serial_shops, nicolae_shop_stone, basic_altar
D:3:      layout_loops_cross, uniq_natasha
D:4:      layout_gridville, gup_ossuary_entry_pyramid, minmay_fire_ice_demons

Skill      XL: |  1  2  3  4  5  6 |
---------------+-------------------+-----
Axes           | 1 2 3 4 |  4.1
Fighting       | 1 2 3 |  3.1
Shields        | 1 |  1.3
Armour         | 1 |  1.3
Short Blades   | |  0.8
Dodging        | |  1.7
Stealth        | |  3.2
Spellcasting   | |  1.7
Hexes          | |  2.4

Action                   |  1- 3 |  4- 6 || total
-------------------------+-------+-------++-------
Melee: Hand axe          |    56 |       ||    56
       War axe           |    45 |   163 ||   208
       Punch             |     1 |       ||     1
Throw: Boomerang         |    43 |    25 ||    68
  Use: Scroll            |     4 |     3 ||     7
       Potion            |     1 |       ||     1
Armor: Robe              |    17 |       ||    17
       Chain mail        |    39 |    96 ||   135
Dodge: Dodged            |    51 |    51 ||   102
Block: Buckler           |       |    25 ||    25

Table legend:
 A = Non-vault XP
 B = Vault XP
 C = Vault XP percentage of total XP
 D = Non-vault monster count
 E = Vault monster count
 F = Vault count percentage of total count
                 A         B        C        D         E       F
            +---------+---------+-------+---------+---------+-------
      Total |     390 |      39 |   9.1 |      77 |       4 |   4.9
            +---------+---------+-------+---------+---------+-------
        D:1 |      21 |       4 |  16.0 |      14 |       3 |  17.6
        D:2 |      69 |       0 |   0.0 |      18 |       0 |   0.0
        D:3 |     135 |      35 |  20.6 |      31 |       1 |   3.1
        D:4 |     165 |       0 |   0.0 |      14 |       0 |   0.0
            +---------+---------+-------+---------+---------+-------
